 Dungeon Crawl Stone Soup version 0.27-a0-1191-g601b473118 (webtiles) character file.

Game seed: 4805804716108879130

590 robertstho the Magician (level 7, -2/45 HPs)
             Began as a Djinni Fire Elementalist on May 24, 2021.
             Was a Follower of Makhleb.
             Slain by Duvessa
             ... wielding a +1 short sword of electrocution
              (6 damage)
             ... on level 5 of the Dungeon.
             The game lasted 00:06:14 (6191 turns).

robertstho the Magician (Djinni Fire Elementalist)  Turns: 6191, Time: 00:06:15

Health: -2/45      AC:  3    Str: 13    XL:     7   Next: 66%
Gold:   263        EV: 12    Int: 18    God:    Makhleb [*.....] SH:  0 Dex: 14

rFire    + + .     SeeInvis .   b - +0 dagger
rCold    x . .     Faith    .   (no shield)
rNeg     . . .     Spirit   .   a - +0 robe
rPois    ∞         Reflect  .   h - +0 helmet
rElec    .         Harm     .   (no cloak)
rCorr    .         Rampage  .   (no gloves)
Will     .....                  (boots unavailable)
Stlth    ++........             (no amulet)
HPRegen  0.15/turn              g - +6 ring of strength
MPRegen  0.00/turn              (no ring)

@: flying
A: sickness immunity, fire resistance 2, cold vulnerability 1, float, innate
caster, hp casting, extra vitality 1
a: Renounce Religion


You were on level 5 of the Dungeon.
You worshipped Makhleb.
Makhleb was aware of your devotion.
You visited 1 branch of the dungeon, and saw 5 of its levels.

You collected 263 gold pieces.

Inventory:

Hand Weapons
 b - a +0 dagger (weapon)
Armour
 a - a +0 robe (worn)
 h - a +0 helmet (worn)
Jewellery
 g - a +6 ring of strength (left hand)
Scrolls
 c - a scroll of fog
 f - 2 scrolls of teleportation
Potions
 d - a potion of haste {unknown}
 e - a potion of mutation {unknown}
 l - a potion of lignification {unknown}


   Skills:
 + Level 0.1 Fighting
 * Level 2.0 Armour
 + Level 2.7 Dodging
 * Level 3.2 Stealth
 * Level 5.3 Spellcasting
 * Level 1.3 Invocations


You couldn't memorise any spells.
You knew the following spells:

 Your Spells              Type           Power      Damage    Failure   Level
a - Foxfire               Conj/Fire      92%        2x1d8     1%          1
b - Conjure Flame         Conj/Fire      23%        6-21      4%          3
c - Inner Flame           Hex/Fire       23%        N/A       4%          3
d - Sticky Flame          Conj/Fire      23%        2d4       14%         4
e - Fireball              Conj/Fire      11%        3d7       38%         5
f - Apportation           Tloc           46%        N/A       1%          1
g - Poisonous Vapours     Pois/Air       46%        N/A       2%          2
h - Dazzling Flash        Conj/Hex       46%        N/A       4%          3
Your spell library was empty.

Dungeon Overview and Level Annotations

Branches:
Dungeon (5/15)             Temple (0/1) D:4

Altars:
Ashenzari
Fedhas
Makhleb
Nemelex Xobeh
Sif Muna
Xom
The Shining One

Annotations:
D:4 1 runed translucent door, Crazy Yiuf
D:5 Dowan, Duvessa


Innate Abilities, Weirdness & Mutations

You are immune to sickness and miasma.
You are immune to poison.
Your flesh is very heat resistant. (rF++)
You are vulnerable to cold. (rC-)
You float through the air rather than walking.
You learn spells naturally, not from books.
Your magical power is your life essence.
You have superior vitality. (+4 HP)


Message History

The phantom is severely damaged.
The phantom hits you.
The phantom blinks!
You blink.
Found an amethyst potion.
Casting: Foxfire (safe; 1% risk of failure)
Press: ? - help, Q - select action, (/) - cycle Dir - look around, f - activate You conjure some foxfire!
The foxfire hits Duvessa but does no damage.
Duvessa is lightly wounded.
The phantom misses you.
Casting: Foxfire (safe; 1% risk of failure)
Press: ? - help, Q - select action, (/) - cycle Dir - look around, f - activate You conjure some foxfire!
The foxfire hits the phantom.
The phantom is severely damaged.
The foxfire hits the phantom.
The phantom is almost destroyed.
The phantom hits you but does no damage.
Casting: Foxfire (safe; 1% risk of failure)
Press: ? - help, Q - select action, (/) - cycle Dir - look around, f - activate You conjure some foxfire!
The foxfire hits the phantom.
The phantom is almost destroyed.
The foxfire hits Duvessa but does no damage.
Duvessa is lightly wounded.
Duvessa says, "My weaknesses are his strengths!"
Duvessa barely misses you.
The phantom hits you but does no damage.
Casting: Foxfire (safe; 1% risk of failure)
Press: ? - help, Q - select action, (/) - cycle Dir - look around, f - activate You conjure some foxfire!
The foxfire hits Duvessa.
Duvessa is lightly wounded.
The foxfire hits the phantom.
You destroy the phantom!
Makhleb accepts your kill.
You can now gain health from killing.
Duvessa hits you with a +1 short sword of electrocution!
You are electrocuted!
* * * LOW HITPOINT WARNING * * *
Duvessa hits you with a +1 short sword of electrocution.
You die...

**,,,,,#.......#.........*#...
****,,,,..#...#..##.........*###.
,,**,,*,....e...§.....#.....**,+.
,,,,,,,,,,#++#...#....#.....**,#.
,,,,*,*,,**,,##.###..........#*##
,,,****,,**,,##.#,...##.#.....###
,,,,***,,,**##..##..##*##........
,,****,,,..##...e..## **,,,.....
,,***,,,,...$..v@..# *,,,*#....
,,,,,,,,,.......v§##****,,***#.#.
,***,,,,,...........,,#..** #####
,,,,,,,,,................####....
,,,,*,,,,.....#............#.....
*,,,*,,,,.....................##.
**,,,,**,#...,.......#..,^...**##
,**,,,**,####........#!#*##.§####
,**,,,,,,**,,,,,,,,,,,..##.§§#§#


You could see Duvessa (fast, ally target).

Vanquished Creatures
  A black bear (D:4)
  2 ogres (D:5)
  A phantom (D:5)
  A water moccasin zombie (D:5)
  A gnoll shaman (D:5)
  A hound (D:5)
  A bullfrog skeleton (D:4)
  A centaur skeleton (D:4)
  A hound skeleton (D:4)
  2 gnolls (D:5)
  4 adders
  3 worms
  2 orcs
  4 endoplasms
  3 giant cockroaches
  6 goblins
  9 hobgoblins
  12 jackals
  3 kobolds
  4 quokkas
  10 ball pythons
  9 bats
  2 frilled lizards
  2 rats
85 creatures vanquished.

Vanquished Creatures (collateral kills)
  A foxfire (D:5)
1 creature vanquished.

Vanquished Creatures (others)
  412 foxfires
412 creatures vanquished.

Grand Total: 498 creatures vanquished

Notes
Turn   | Place    | Note
-------+----------+-------------------------------------------
     0 | D:1      | robertstho the Djinni Fire Elementalist began the quest for
                  | the Orb.
     0 | D:1      | Reached XP level 1. HP: 15/15 MP: 0/0
   255 | D:1      | Reached XP level 2. HP: 20/21 MP: 0/0
   601 | D:1      | Reached skill level 3 in Spellcasting
   689 | D:1      | Reached XP level 3. HP: 19/25 MP: 0/0
   689 | D:1      | Learned a level 1 spell: Apportation
  1863 | D:2      | Reached XP level 4. HP: 27/31 MP: 0/0
  1964 | D:2      | Reached skill level 1 in Armour
  2898 | D:3      | Found a faded altar of an unknown god.
  3923 | D:3      | Found a burning altar of Makhleb.
  3924 | D:3      | Found a shimmering altar of Xom.
  3939 | D:3      | Became a worshipper of Makhleb the Destroyer
  4060 | D:4      | Reached XP level 5. HP: 32/35 MP: 0/0
  4060 | D:4      | Learned a level 2 spell: Poisonous Vapours
  4209 | D:4      | Noticed a black bear
  4217 | D:4      | Killed a black bear
  4218 | D:4      | Reached skill level 4 in Spellcasting
  4218 | D:4      | Reached XP level 6. HP: 13/40 MP: 0/0
  4444 | D:4      | Found a staircase to the Ecumenical Temple.
  4804 | D:4      | Found a broken altar of Ashenzari.
  4806 | D:4      | Found a sparkling altar of Nemelex Xobeh.
  4807 | D:4      | Found a glowing golden altar of the Shining One.
  4807 | D:4      | Found a blossoming altar of Fedhas.
  5275 | D:4      | Found a runed translucent door.
  5276 | D:4      | Noticed Crazy Yiuf
  5746 | D:5      | Entered Level 5 of the Dungeon
  5862 | D:5      | Noticed an ogre
  5863 | D:5      | Noticed an ogre
  5869 | D:5      | Killed an ogre
  5870 | D:5      | Reached XP level 7. HP: 38/45 MP: 0/0
  5870 | D:5      | Learned a level 3 spell: Dazzling Flash
  5871 | D:5      | Reached skill level 5 in Spellcasting
  5871 | D:5      | Reached skill level 1 in Invocations
  6180 | D:5      | Noticed Dowan
  6180 | D:5      | Noticed Duvessa
  6191 | D:5      | Reached * piety under Makhleb
  6191 | D:5      | Slain by Duvessa

Illustrated notes

Levels and vault maps discovered:
D:1:      mushboom_english_gardens, layout_basic, st_stairs_7
D:2:      layout_basic
D:3:      layout_basic, grunt_temple_overflow_champion_of_chaos,
          amcnicky_altar_gilded, ebering_ecumenical_altar_rust
D:4:      layout_basic, chequers_temple_overflow_statue_of_worship,
          minmay_temple_entry_overgrown, grunt_ministairs_6,
          uniq_crazy_yiuf_cottage
D:5:      layout_cave_pools, serial_gnoll_camp, gnoll_camp_mini_loothouse,
          gnoll_camp_mini_house, gnoll_camp_mini_sergeant, gnoll_camp_mini_hut,
          saegor_snake_ambush, uniq_duvessa

Skill      XL: |  1  2  3  4  5  6  7 |
---------------+----------------------+-----
Spellcasting   | 3 4 5 |  5.3
Armour         | 1 2 |  2.0
Stealth        | 2 3 |  3.2
Invocations    | 1 |  1.3
Fighting       | |  0.1
Dodging        | |  2.7

Action                   |  1- 3 |  4- 6 |  7- 9 || total
-------------------------+-------+-------+-------++-------
Melee: Dagger            |       |    12 |       ||    12
 Cast: Foxfire           |    85 |   127 |    44 ||   256
       Sticky Flame      |       |     1 |       ||     1
  Use: Scroll            |       |     6 |       ||     6
Armor: Robe              |     3 |    11 |     2 ||    16
Dodge: Dodged            |     6 |    36 |     9 ||    51

Table legend: (Time is in decaauts)
 A = Elapsed time spent in this place.
 B = Non-inter-level travel time spent in this place.
 C = Inter-level travel time spent in this place.
 D = Time resting spent in this place.
 E = Time spent auto-exploring this place.
 F = Levels seen in this place.
 G = Mean time per level.
                   A        B        C        D        E       F      G
               +--------+--------+--------+--------+--------+-----+--------+
         Total |   6189 |   6079 |    110 |      0 |   5418 |   5 | 1237.8 |
       Dungeon |   6189 |   6079 |    110 |      0 |   5418 |   5 | 1237.8 |
               +--------+--------+--------+--------+--------+-----+--------+

Top non-repeatable levels by time:
     D:4: 1773 daAuts
     D:1: 1722 daAuts
     D:3: 1219 daAuts
     D:2: 1028 daAuts
     D:5: 444 daAuts
